 Dungeon Crawl Stone Soup version 0.30.1-3-gfc49f6343a (webtiles) character file.

Game seed: 8339962295724570880

6542 spardeous the Destroyer (level 10, -12/69 HPs)
             Began as a Demigod Conjurer on Aug 9, 2023.
             Hit by a javelin thrown by Urug (25 damage)
             ... on level 10 of the Dungeon.
             The game lasted 00:18:29 (13083 turns).

spardeous the Destroyer (Demigod Conjurer)         Turns: 13083, Time: 00:18:29

Health: -12/69     AC: 10    Str:  8    XL:     10   Next: 42%
Magic:  17/25      EV: 10    Int: 38    God:
Gold:   330        SH:  3    Dex: 12    Spells: 17/24 levels left

rFire   . . .        b - +5 flail (heavy)
rCold   . . .        l - +0 buckler
rNeg    . . .        e - +0 troll leather armour
rPois   .            (no helmet)
rElec   .            N - +0 cloak
rCorr   .            h - +0 pair of gloves
SInv    .            (no boots)
Will    +....        o - amulet of regeneration
Stlth   ++           L - +4 ring of protection
HPRegen 1.91/turn    P - +6 ring of intelligence
MPRegen 0.19/turn

%: no passive effects
@: no status effects
A: high MP 1, forlorn, divine attributes
a: no special abilities


You were on level 10 of the Dungeon.
You visited 1 branch of the dungeon, and saw 10 of its levels.
You also visited: Sewer and Ossuary.

You collected 583 gold pieces.
You spent 253 gold pieces at shops.

Inventory:

Hand Weapons
 b - a +5 heavy flail (weapon)
Armour
 e - a +0 troll leather armour (worn)
 h - a +0 pair of gloves (worn)
 l - a +0 buckler (worn)
 M - an orb of mayhem
 N - a +0 cloak (worn)
 O - +0 steam dragon scales
Jewellery
 o - an amulet of regeneration (around neck)
 p - a ring of ice
 L - a +4 ring of protection (left hand)
 P - a +6 ring of intelligence (right hand)
 Q - a ring of willpower
Wands
 r - a wand of mindburst (5)
 s - a wand of paralysis (9)
 t - a wand of roots (26)
 C - a wand of flame (9)
 K - a wand of light (13)
Scrolls
 c - a scroll of torment {unknown}
 f - 7 scrolls of teleportation
 g - a scroll of enchant armour
 i - 3 scrolls of fog {unknown}
 k - 4 scrolls of vulnerability {unknown}
 m - 2 scrolls of fear
 v - 2 scrolls of magic mapping {unknown}
 w - 3 scrolls of noise {unknown}
 x - 2 scrolls of immolation
 y - a scroll of silence
 z - 2 scrolls of brand weapon
 G - a scroll of amnesia
 H - 2 scrolls of enchant weapon
Potions
 a - a potion of magic
 d - 2 potions of lignification
 j - 4 potions of heal wounds
 n - 2 potions of haste
 q - 3 potions of attraction {unknown}
 u - 2 potions of cancellation {unknown}
 A - a potion of degeneration
 B - 3 potions of mutation {unknown}
 D - 3 potions of brilliance {unknown}
 E - a potion of invisibility
 F - 2 potions of ambrosia {unknown}
 I - 5 potions of curing
 J - 2 potions of flight {unknown}


   Skills:
 - Level 1.7 Dodging
 - Level 1.7 Stealth
 + Level 7.7 Spellcasting
 - Level 10.7 Conjurations
 + Level 7.6 Translocations


You had 17 spell levels left.
You knew the following spells:

 Your Spells              Type           Power      Damage    Failure   Level
a - Magic Dart            Conj           100%       1d8       1%          1
b - Searing Ray           Conj           100%       2d8       1%          2
c - Iskenderun's Mystic   Conj/Tloc      71%        2d14      1%          4

Your spell library contained the following spells:

 Spells                   Type           Power      Damage    Failure   Level
 Kiss of Death            Conj/Necr      100%       2d13      1%          1
 Lesser Beckoning         Tloc           100%       N/A       1%          2
 Dazzling Flash           Conj/Hex       100%       N/A       1%          3
 Gell's Gravitas          Tloc           64%        N/A       1%          3
 Teleport Other           Tloc           64%        N/A       1%          3
 Summon Small Mammal      Summ           56%        N/A       6%          1
 Fulminant Prism          Conj/Hex       26%        3d14      7%          4
 Call Canine Familiar     Summ           14%        N/A       19%         3
 Confusing Touch          Hex            14%        N/A       19%         3
 Summon Guardian Golem    Hex/Summ       14%        N/A       19%         3
 Dispel Undead            Necr           14%        3d10      52%         4
 Summon Lightning Spire   Summ/Air       14%        N/A       52%         4
 Storm Form               Tmut/Air       7%         N/A       100%        7
 Maxwell's Capacitive Co  Air            7%         ∞         100%        8


Dungeon Overview and Level Annotations

Branches:
Dungeon (10/15)            Temple (0/1) D:4           Sewer (visited)
Ossuary (visited)
   Lair: D:8-11         Orc: D:9-12

Shops:
D:3 *   D:5 (   D:7 :

Annotations:
D:9 3 runed translucent doors, zimm66's ghost, journeyman HuFi
D:10 Urug


Innate Abilities, Weirdness & Mutations

You have an increased reservoir of magic. (+10% MP)
You shall have no god before yourself.
Your divine heritage dramatically boosts your attributes as you level up.


Message History

You open the door.
There is an open door here.
There is an open door here.
Found 5 stones.
Q - a ring of willpower
Found a stone staircase leading up.
You open the door.
Found an escape hatch in the floor.
There is an open door here.
There is an open door here.
t - a wand of roots (26) (gained 4 charges) Urug shouts!
There is a stone staircase leading down here.
Urug drinks a potion.
Urug seems to speed up.
There is a stone staircase leading down here.
Urug throws a javelin.
The javelin pierces through you!
You take 14 damage, and have 55/69 hp.
MASSIVE DAMAGE!!
Casting: Iskenderun's Mystic Blast (dangerous; 1% risk of failure)
Confirm with . or Enter, or press ? or * to list all spells.
You erupt in a blast of force!
Urug hits you from afar with a +6 glaive of flaming!!
* * * LOW HITPOINT WARNING * * *
Urug burns you!
* * * LOW HITPOINT WARNING * * *
You take 36 damage, and have 19/69 hp.
MASSIVE DAMAGE!!
You now have 21/25 mp.
Casting: Iskenderun's Mystic Blast (dangerous; 1% risk of failure)
Confirm with . or Enter, or press ? or * to list all spells.
You erupt in a blast of force!
The mystic blast hits Urug!
Urug is lightly wounded.
Urug is knocked back by the mystic blast.
You regained 2 hp, and now have 21/69 hp.
You now have 17/25 mp.
Urug throws a javelin.
The javelin pierces through you.
* * * LOW HITPOINT WARNING * * *
You take 1 damage, and have 20/69 hp.
You regained 2 hp, and now have 22/69 hp.
Urug throws a javelin.
The javelin pierces through you!
* * * LOW HITPOINT WARNING * * *
Urug throws a javelin.
The javelin pierces through you!!
You die...

...................#
...................#
.............o..o..#
####..###....###...#
####..###..>.###...#
...................#
...................#
...................#
..####.##..####.@..#
######.##..####....#
....'...........<..#
....#..............#
....#..............#
....#.[............#
....#..............#
....#....>.........#
....#.............


You could see Urug (fast).

Vanquished Creatures
  A gargoyle (D:10)
  A troll (D:6)
  Grinder (D:5)
  A hornet (D:10)
  Eustachio (D:3)
  5 yaks (D:10)
  2 wraiths
  A steam dragon (D:8)
  A basilisk (D:6)
  Edmund (D:5)
  2 acid dragons
  Duvessa (D:5)
  Pargi (Sewer)
  An ice beast (D:6)
  A black bear (D:5)
  3 orc warriors
  A sky beast (D:8)
  2 ogres
  8 centaurs
  A phantom (D:6)
  3 bullfrogs
  2 scorpions
  8 wights
  Dowan (D:5)
  4 killer bees (D:9)
  5 howler monkeys
  8 orc priests
  Crazy Yiuf (D:7)
  A hound (D:6)
  4 jellies
  2 sleepcaps
  Ijyb (D:4)
  An iguana (D:7)
  10 orc wizards
  A mummy (Ossuary)
  10 gnolls
  2 river rats (D:5)
  5 adders
  2 shadow imps
  A white imp (D:4)
  2 ufetubi
  3 worms
  3 dart slugs
  36 orcs
  6 endoplasms
  3 giant cockroaches
  5 goblins
  12 hobgoblins
  3 jackals (D:5)
  8 kobolds
  4 quokkas
  8 ball pythons
  A ball python zombie (D:2)
  3 bats
  5 frilled lizards
  12 gnoll skeletons (Ossuary)
  3 kobold skeletons (Ossuary)
  10 orc skeletons (Ossuary)
  2 quokka skeletons (D:2)
  5 rats
242 creatures vanquished.

Notes
Turn   | Place    | Note
-------+----------+-------------------------------------------
     0 | D:1      | spardeous the Demigod Conjurer began the quest for the Orb.
     0 | D:1      | Reached XP level 1. HP: 14/14 MP: 5/5
   318 | D:1      | Reached XP level 2. HP: 20/20 MP: 4/7
   501 | D:1      | Learned a level 2 spell: Searing Ray
   722 | D:1      | Reached skill level 4 in Conjurations
  1507 | D:2      | Reached XP level 3. HP: 26/26 MP: 7/9
  2343 | D:2      | Reached XP level 4. HP: 26/33 MP: 2/11
  2646 | D:3      | Found Qionakav's Assorted Antiques.
  2936 | D:4      | Reached skill level 5 in Conjurations
  2961 | D:4      | Noticed Eustachio
  3158 | D:3      | Killed Eustachio
  3159 | D:3      | Reached skill level 6 in Conjurations
  3159 | D:3      | Reached XP level 5. HP: 38/38 MP: 7/12
  3226 | D:4      | Noticed an ogre
  3234 | D:4      | Killed an ogre
  3235 | D:4      | Reached XP level 6. HP: 45/45 MP: 8/13
  3444 | D:4      | Noticed Ijyb
  3452 | D:4      | Paralysed by Ijyb for 3 turns
  3456 | D:4      | Killed Ijyb
  3715 | D:4      | Found a staircase to the Ecumenical Temple.
  3735 | D:4      | Reached skill level 7 in Conjurations
  4151 | D:5      | Entered Level 5 of the Dungeon
  4205 | D:5      | Noticed Duvessa
  4205 | D:5      | Noticed Dowan
  4206 | D:5      | Noticed Edmund
  4239 | D:5      | Reached XP level 7. HP: 48/50 MP: 5/14
  4246 | D:5      | Killed Edmund
  4247 | D:5      | Reached skill level 8 in Conjurations
  4248 | D:5      | Killed Duvessa
  4295 | D:5      | Learned a level 4 spell: Iskenderun's Mystic Blast
  4373 | D:5      | Found a glowing drain.
  4433 | D:5      | Noticed Grinder
  4442 | Sewer    | Entered a sewer
  4514 | Sewer    | Noticed Pargi
  4520 | Sewer    | Killed Pargi
  4521 | Sewer    | Reached skill level 9 in Conjurations
  4699 | D:5      | Killed Grinder
  4700 | D:5      | Reached XP level 8. HP: 39/57 MP: 0/15
  4867 | D:5      | HP: 2/57 [Dowan/shard of ice (27)]
  4873 | D:5      | Killed Dowan
  4874 | D:5      | Reached skill level 10 in Conjurations
  5775 | D:5      | Found Arreik's Weapon Emporium.
  6018 | D:3      | Bought a lumpy blue potion for 19 gold pieces
  6018 | D:3      | Bought a glowing purple potion for 19 gold pieces
  6018 | D:3      | Bought 2 fizzy green potions for 39 gold pieces
  6018 | D:3      | Bought a scroll labelled FUEMNE BYGRIN for 22 gold pieces
  6018 | D:3      | Bought 2 scrolls labelled JIEBROA VUMEQA for 44 gold pieces
  6018 | D:3      | Bought a potion of heal wounds for 110 gold pieces
  6146 | D:6      | Found a sand-covered staircase.
  6155 | Ossuary  | Entered an ossuary
  6313 | Ossuary  | Reached skill level 1 in Translocations
  6793 | D:6      | Noticed a troll
  6811 | D:6      | Killed a troll
  7063 | D:6      | Reached XP level 9. HP: 45/62 MP: 9/18
  8372 | D:7      | Found Haforuj's Tiny Tomes.
  8423 | D:7      | Reached skill level 5 in Spellcasting
  8570 | D:7      | Found a runed translucent door.
  8571 | D:7      | Noticed Crazy Yiuf
  8920 | D:7      | Killed Crazy Yiuf
  9198 | D:8      | Reached skill level 5 in Translocations
 10791 | D:9      | Noticed a centaur warrior
 11314 | D:9      | Found a runed translucent gate.
 11314 | D:9      | Found a runed translucent gate.
 11319 | D:9      | Noticed zimm66's ghost (journeyman HuFi)
 11337 | D:9      | Found a runed translucent gate.
 11480 | D:9      | Reached XP level 10. HP: 68/69 MP: 14/23
 11924 | D:10     | Entered Level 10 of the Dungeon
 12875 | D:10     | Noticed Urug
 13083 | D:10     | Hit by a javelin thrown by Urug

Illustrated notes

Levels and vault maps discovered:
D:1:      elethiomel_arrival_shortcut, layout_basic
D:2:      layout_basic, serial_undead, serial_undead_d, serial_undead_d,
          serial_undead_c, serial_undead_d, basic_altar, minmay_strange_pillars
D:3:      layout_basic, serial_shops, shop_fountains, minmay_box_of_dots
D:4:      layout_cave_pools, nemelex_diamond_rough_becter,
          lightli_temple_of_fire, vehumet_crystals, minmay_temple_entry_slanted,
          uniq_ijyb, uniq_eustachio
D:5:      layout_loops_corners, serial_shops, shop, portal_sewer_entry_b,
          kb_lookout_dungeons_type, minmay_misc_feat_four_crosses, uniq_edmund,
          uniq_grinder, uniq_duvessa
D:6:      layout_basic, kennysheep_mini_moat, nicolae_ossuary_entry_ruins
D:7:      layout_basic, nicolae_shop_i_like_small_books_too,
          uniq_crazy_yiuf_cottage
D:8:      layout_basic, tgw_xom, kennysheep_mini
D:9:      layout_basic, gammafunk_ghost_split
D:10:     layout_gridville, uniq_urug

Skill      XL: |  1  2  3  4  5  6  7  8  9 10 |
---------------+-------------------------------+-----
Spellcasting   | 2 3 4 6 7 |  7.7
Conjurations   | 4 6 7 9 10 | 10.7
Translocations | 2 6 7 |  7.6
Dodging        | |  1.7
Stealth        | |  1.7

Action                     |  1- 3 |  4- 6 |  7- 9 | 10-12 || total
---------------------------+-------+-------+-------+-------++-------
  Melee: Unarmed           |     3 |     2 |       |       ||     5
         Flail             |       |       |    62 |    14 ||    76
   Cast: Magic Dart        |    97 |    64 |    50 |       ||   211
         Searing Ray       |     4 |    14 |    32 |       ||    50
         Iskenderun's Myst |       |       |    93 |    38 ||   131
    Use: Scroll            |       |     1 |     9 |       ||    10
         Potion            |       |       |     5 |       ||     5
 Armour: Robe              |    11 |    18 |       |       ||    29
         Leather armour    |       |     1 |    35 |       ||    36
         Skin              |       |       |     3 |       ||     3
         Troll leather arm |       |       |    34 |    19 ||    53
  Dodge: Dodged            |    15 |    54 |    88 |    29 ||   186
  Block: Buckler           |     1 |     7 |    17 |     6 ||    31
